Map: Ephemeron LE

Players

Light

  • Race: Protoss Protoss
  • League: Platinum
  • Spawn Location: 5:00

iveseenbiggr - Winner!

  • Race: Protoss Protoss
  • League: Platinum
  • Spawn Location: 11:00

VOD

Have the link to the VOD?

Description

Time

  • Played on: Nov. 25, 2019, 10:59 p.m.
  • Length: 6:50
Show
View Real Time Build Order
Export as new Build Order

Light Protoss 

Build Orders:  

Get SALT Encoding   

  12  0:00  Probe  
  13  0:12  Probe  
  14  0:18  Pylon  
  14  0:25  Probe  
  15  0:37  Probe (Chrono Boost)  
  15  0:39  Gateway  
  16  0:46  Probe (Chrono Boost)  
  16  0:49  Assimilator  
  17  0:51  Probe (Chrono Boost)  
  18  0:59  Assimilator  
  19  1:04  Probe  
  19  1:14  Gateway  
  19  1:17  Probe  
  20  1:29  Cybernetics Core  
  20  1:30  Probe  
  21  1:38  Pylon  
  21  1:42  Probe  
  22  1:55  Probe  
  23  2:02  Pylon  
  23  2:06  Stalker  
  23  2:08  Sentry  
  27  2:18  Warp Gate (Chrono Boost)  
  26  2:34  Stalker  
  28  2:37  Stalker  
  30  2:52  Nexus  
  30  3:00  Probe  
  30  3:04  Robotics Facility  
  31  3:13  Pylon  
  31  3:30  Stalker  
  31  3:31  Probe  
  31  3:33  Stalker  
  36  3:57  Probe  
  36  4:02  Shield Battery  
  37  4:08  Probe  
  39  4:10  Observer (Chrono Boost)  
  39  4:19  Stalker x2  
  39  4:20  Probe  
  39  4:21  Probe  
  45  4:31  Observer (Chrono Boost)  
  45  4:33  Probe  
  45  4:34  Probe  
  48  4:41  Pylon  
  48  4:45  Probe  
  48  4:48  Probe  
  50  4:52  Pylon  
  50  4:58  Stalker, Probe  
  53  5:04  Probe  
  53  5:05  Twilight Council  
  54  5:20  Immortal (Chrono Boost)  
  53  5:21  Stalker x2  
  61  5:31  Assimilator  
  61  5:32  Probe  
  61  5:33  Assimilator  
  61  5:35  Pylon  
  62  5:47  Observer  
  62  5:48  Zealot x2  
  66  5:56  Pylon, Shield Battery  
  66  6:07  Gateway  
  58  6:27  Zealot x2  
Show
View Real Time Build Order
Export as new Build Order

iveseenbiggr Protoss - Winner!

Build Orders:  

Get SALT Encoding   

  12  0:02  Probe  
  13  0:14  Probe  
  13  0:21  Pylon  
  14  0:26  Probe  
  15  0:39  Probe  
  15  0:42  Gateway  
  16  0:51  Probe  
  16  0:55  Assimilator  
  17  1:03  Probe  
  18  1:15  Gateway  
  19  1:18  Probe (Chrono Boost)  
  19  1:22  Assimilator  
  19  1:28  Probe (Chrono Boost)  
  20  1:36  Pylon  
  20  1:44  Cybernetics Core  
  20  2:08  Zealot  
  22  2:09  Probe (Chrono Boost)  
  23  2:19  Probe (Chrono Boost)  
  24  2:24  Probe (Chrono Boost)  
  25  2:40  Pylon, Probe  
  25  2:41  Warp Gate (Chrono Boost)  
  26  2:47  Stalker x2  
  30  2:53  Shield Battery  
  30  2:58  Probe  
  31  3:14  Gateway  
  31  3:15  Robotics Facility  
  31  3:22  Pylon  
  31  3:23  Stalker  
  33  4:00  Stalker  
  35  4:05  Gateway  
  35  4:06  Immortal (Chrono Boost)  
  39  4:33  Stalker x2  
  39  4:38  Observer (Chrono Boost)  
  44  4:49  Probe  
  45  5:03  Pylon  
  45  5:12  Pylon  
  45  5:17  Pylon  
  45  5:18  Stalker  
  45  5:19  Immortal (Chrono Boost)  
  51  5:30  Stalker  
  51  5:31  Sentry  
  55  5:49  Stalker x2  
  59  5:50  Immortal  
  59  5:54  Zealot  
  63  6:23  Stalker x4  
Tags
 
Add a new tag
Caveats
  • Supply blocks, unpowered buildings, or Contaminate may cause inaccurate times.
  • Supply counts are checked every 10 seconds.